 Dungeon Crawl Stone Soup version 0.27.1-15-g792fb953b9 (webtiles) character file.

Game seed: 5511250986598416961

21 Findor the Chopper (level 2, 0/22 HPs)
             Began as a Demonspawn Gladiator on Nov 20, 2021.
             Succumbed to a gnoll's poison
             ... on level 2 of the Dungeon.
             The game lasted 00:01:29 (741 turns).

Findor the Chopper (Demonspawn Gladiator)            Turns: 741, Time: 00:01:30

Health: 0/22       AC:  9    Str: 14    XL:     2   Next: 65%
Magic:  2/2        EV:  6    Int:  9    God:
Gold:   14         SH:  0    Dex: 14    Spells: 1/1 levels left

rFire    . . .     SeeInvis .   a - +0 war axe
rCold    . . .     Faith    .   (no shield)
rNeg     . . .     Spirit   .   k - +0 chain mail
rPois    .         Reflect  .   c - +0 helmet
rElec    .         Harm     .   (no cloak)
rCorr    .         Rampage  .   (no gloves)
Will     .....                  (no boots)
Stlth    ..........             (no amulet)
HPRegen  0.07/turn              (no ring)
MPRegen  0.08/turn              (no ring)

@: brilliant, lethally poisoned (0 -> -9), flying
A: hooves 1
a: no special abilities


You were on level 2 of the Dungeon.
You visited 1 branch of the dungeon, and saw 2 of its levels.

You collected 14 gold pieces.


Innate Abilities, Weirdness & Mutations

You have large cloven feet.


   Skills:
 - Level 2.0 Fighting
 * Level 3.6 Axes
 - Level 1.7 Throwing
 - Level 2.6 Dodging


You had one spell level left.
You didn't know any spells.
Your spell library contained the following spells:

 Spells                   Type           Power      Damage    Failure   Level
 Conjure Flame            Conj/Fire      0%         6-21      100%        3
 Ignite Poison            Fire/Tmut/Pois 0%         N/A       100%        3
 Sticky Flame             Conj/Fire      0%         2d3       100%        4

Inventory:

Hand Weapons
 a - a +0 war axe (weapon)
Missiles
 d - 3 throwing nets (quivered) {!f}
Armour
 b - a +0 leather armour
 c - a +0 helmet (worn)
 k - a +0 chain mail (worn)
   (You found it on level 2 of the Dungeon)
Scrolls
 e - a scroll of amnesia {unknown}
Potions
 h - a potion of might {unknown}
 j - a potion of resistance {unknown}


Message History

There is a stone staircase leading down here.
You climb downwards.
There is a stone staircase leading up here.
Found a stone staircase leading up.
Found a chain mail.
Found an inky potion.
Found a sapphire potion.
i - an inky potion
j - a sapphire potion
Okay, then.
Search for what [? for help]? chain
Found 28 bolts.
You see here a +0 chain mail.
k - a +0 chain mail You start removing your armour.
You continue taking off your +0 leather armour. x4
You finish taking off your +0 leather armour.
You start putting on your armour.
You continue putting on your +0 chain mail. x5
You finish putting on your +0 chain mail.
A gnoll comes into view. It is wielding a +0 club.
The gnoll shouts!
A gnoll comes into view. It is wielding a +0 halberd.
A gnoll comes into view. It is wielding a +0 spear of venom.
There are monsters nearby!
There are monsters nearby!
The gnoll shouts!
The gnoll hits you from afar with a +0 halberd.
You closely miss the gnoll. Your kick misses the gnoll.
The gnoll hits you from afar with a +0 spear of venom.
You are poisoned.
The gnoll hits you with a +0 club.
The gnoll hits you from afar with a +0 halberd!
* * * LOW HITPOINT WARNING * * *
The gnoll hits you but does no damage.
You are more poisoned.
It was a potion of curing.
You feel better. The gnoll hits you with a +0 club.
* * * LOW HITPOINT WARNING * * *
The gnoll hits you but does no damage.
The gnoll hits you from afar with a +0 spear of venom.
* * * LOW HITPOINT WARNING * * *
It was a potion of flight.
You feel very buoyant.
You fly up into the air.
The gnoll hits you with a +0 club.
* * * LOW HITPOINT WARNING * * *
The gnoll barely misses you. The gnoll hits you but does no damage.
You are lethally poisoned!
It was a potion of brilliance.
You feel clever all of a sudden.
You die...

#..##.#...######..
#..##.#.#.........
#..##.#.#.........
####.....#.#.........
#........#.#.........
#........#<#.........
#........###.........
#........##..........
#........##.g@.......
###########..........
#..gg....(.
#..........
#..........
#........##
#........# ##########


You could see 3 gnolls.

Vanquished Creatures
  A ball python (D:1)
  2 endoplasms (D:1)
  2 giant cockroaches (D:1)
  A goblin (D:1)
  3 hobgoblins (D:1)
  2 kobolds (D:1)
  3 bats (D:1)
  5 rats (D:1)
19 creatures vanquished.

Notes
Turn   | Place    | Note
-------+----------+-------------------------------------------
     0 | D:1      | Findor the Demonspawn Gladiator began the quest for the
                  | Orb.
     0 | D:1      | Reached XP level 1. HP: 16/16 MP: 1/1
   101 | D:1      | Reached skill level 3 in Axes
   239 | D:1      | Gained mutation: You have large cloven feet. [demonic
                  | ancestry]
   239 | D:1      | Reached XP level 2. HP: 22/22 MP: 2/2
   280 | D:1      | Found Xauma's Weapon Shoppe.
   738 | D:2      | HP: 3/22 [gnoll (10)]
   741 | D:2      | Succumbed to a gnoll's poison

Levels and vault maps discovered:
D:1:      matt_arrival_spirals, layout_rooms, serial_shops,
          nicolae_shop_window_shopping, minivault_11
D:2:      layout_basic, minmay_small_reverse_x

Action                   || total
-------------------------++-------
Melee: War axe           ||    44
       Kick              ||     4
  Use: Potion            ||     3
Armor: Leather armour    ||    15
       Chain mail        ||     3
Dodge: Dodged            ||    43
